Unix NetHack Version 3.7.0-89 Work-in-progress - last build Sep 25 2023 05:26:45 (48e034876007844a536bf88644040a71d2893410,branch:master). Game began 2023-10-09 17:26:21, ended 2023-10-09 17:36:42. youngster, lawful female human Knight ---- |..--- --- |....| ------.-- ----.--.| ---|...*...| |....||.----- --..|.--...-| |.----|..--.-- |...|.|.....-- -- --.| --.....------- --..*.........| |.- |..| ---....|.|..-- --............-- .. |.-- |...........|---......^--....- --..--- |.| |-...0..<...||.........|--....| --...... |.| |..........--|...|..--.-----.-- |.......-|.| ---..[).%....| |..--.---..-- -- -.......|>| |......---...----....|.....| ----........| --......| |.....--.---......---- |..........u| |.[....-- |...)....| |.---.....| -.........@.- --.....| ---...---- -.| ---...-- ... |....---....| ----.-- ----- |..| ---....| ---- --.. --...| --- |..| -......| .. ----- ----|.....--- -- --..--- --- Youngster the Gallant St:15 Dx:8 Co:13 In:7 Wi:15 Ch:18 Lawful Dlvl:4 $:367 HP:0(16) Pw:6(6) AC:0 Xp:1/18 T:905 Burdened Latest messages: You hear some noises. You already found a monster. Use 'm' prefix to force another search. The gnome misses! GRAPEFRUIT misses the gnome. GRAPEFRUIT misses the gnome. It misses the gnome. It misses the gnome. It misses the gnome. It bites the gnome. The gnome misses it. t - a red gem. Pick an object. h a humanoid (peaceful hobbit) GRAPEFRUIT hits the gnome. The gnome is killed! GRAPEFRUIT picks up a dagger. GRAPEFRUIT drops a dagger. You see here a dagger. You see here a dagger. You see here a light blue spellbook. u - a light blue spellbook. You see here 9 rocks. A board beneath you squeaks an E flat loudly. You hear some noises in the distance. GRAPEFRUIT picks up a sling. # In what direction? You slip while trying to get on GRAPEFRUIT. GRAPEFRUIT drops a sling. GRAPEFRUIT picks up a sling. GRAPEFRUIT drops a sling. Pick an object. e an eye or sphere (gas spore) What do you want to use or apply? [bu or ?*] b - an uncursed +1 lance named Type A drill (weapon in hand). a - an uncursed +1 long sword (alternate weapon; not wielded). Where do you want to hit? (For instructions type a '?') Pick an object. [ a suit or piece of armor (a dwarvish cloak) Pick an object. % a piece of food (a food ration) You see here a food ration. You have a little trouble lifting a food ration. Continue? [ynq] (q) You have a little trouble lifting v - a food ration. Your movements are slowed slightly because of your load. There are several objects here. Click! You trigger a rolling boulder trap! You are hit by a boulder! You die... Inventory: Coins ('$') $ - 367 gold pieces Weapons (')') a - an uncursed +1 long sword (alternate weapon; not wielded) b - an uncursed +1 lance named Type A drill (weapon in hand) Armor ('[') d - an uncursed +0 helmet (being worn) f - an uncursed +0 pair of leather gloves (being worn) s - an uncursed +1 pair of iron shoes (being worn) e - a blessed +0 small shield (being worn) c - an uncursed +1 ring mail (being worn) Comestibles ('%') g - 11 uncursed apples l - an uncursed candy bar labeled "Om-nom" h - 10 uncursed carrots v - an uncursed food ration Scrolls ('?') i - an uncursed scroll of food detection p - an uncursed scroll of gold detection Spellbooks ('+') u - an uncursed spellbook of turn undead Potions ('!') n - an uncursed potion of sickness m - a blessed potion of sleeping Gems/Stones ('*') t - an uncursed worthless piece of red glass r - an uncursed worthless piece of white glass Youngster the Knight's attributes: Background: You were a Gallant, a level 1 female human Knight. You were lawful, on a mission for Lugh who was opposed by Brigit (neutral) and Manannan Mac Lir (chaotic). You were in the Gnomish Mines, on level 4. You entered the dungeon 905 turns ago. You had 18 experience points, 2 more were needed to attain level 2. Basics: You had 0 out of 16 hit points. You had all 6 energy points (spell power). Your armor class was 0. Your wallet contained 367 zorkmids. Autopickup was on for '$?!"=/*' plus thrown, with exceptions. Final Characteristics: Your strength was 15 (limit:18/100). Your dexterity was 8 (limit:18). Your constitution was 13 (limit:18). Your intelligence was 7 (limit:18). Your wisdom was 15 (limit:18). Your charisma was 18 (limit:18). Final Status: You were not hungry. You were burdened; movement was slightly slowed. You were wielding a lance. You had basic skill with lance. Final Attributes: You were fervently aligned. You could jump. You were warded. You are dead. Miscellaneous: You never encountered a bones level. Total elapsed playing time was 10 minutes and 20 seconds. Major events: Turn 1: youngster the lawful female human Knight entered the dungeon 655: entered the Gnomish Mines 905: killed by a boulder Vanquished creatures: 2 dwarves an acid blob 2 hobbits 7 gnomes 3 jackals 2 goblins a grid bug a newt 19 creatures vanquished. No species were genocided or became extinct. Voluntary challenges: You were an atheist. You were illiterate. You never engraved Elbereth. You never genocided any monsters. You never polymorphed an object. You never changed form. You used no wishes. Achievement: You entered the Gnomish Mines. The Dungeons of Doom: levels 1 to 5 Level 1: A fountain. Level 2: Level 3: Stairs down to The Gnomish Mines. Level 4: Level 5: The Gnomish Mines: Level 4: <- You were here. Final resting place for you, killed by a boulder. Game over: ---------- / \ / REST \ / IN \ / PEACE \ / \ | youngster | | 367 Au | | killed by a | | boulder | | | | | | 2023 | *| * * * | * _________)/\\_//(\/(/\)/\//\/|_)_______ Fare thee well youngster the Knight... You died in The Gnomish Mines on dungeon level 4 with 603 points, and 367 pieces of gold, after 905 moves. You were level 1 with a maximum of 16 hit points when you died.